 Dungeon Crawl Stone Soup version 0.20.1-1-g8b1a95d (webtiles) character file.

265062 Devour the Warrior (level 20, 0/134 HPs)
             Began as a Gargoyle Fighter on Oct 5, 2017.
             Was the Champion of Okawaru.
             Killed from afar by a deep elf knight (23 damage)
             ... with an orb of energy
             ... on level 3 of the Elven Halls.
             The game lasted 02:05:55 (35638 turns).

Devour the Warrior (Gargoyle Fighter)              Turns: 35638, Time: 02:05:55

Health: 0/134      AC: 43    Str: 32    XL:     20   Next: 6%
Magic:  0/30       EV: 17    Int: 11    God:    Okawaru [******]
Gold:   2152       SH:  4    Dex: 18    Spells: 30/32 levels left

rFire    + + .     SeeInvis +   F - +5 scimitar "Zeyzirche" {flame, rF++ Int-5 SInv}
rCold    . . .     Gourm    .   (no shield)
rNeg     + . .     Faith    .   R - +1 shadow dragon scales of Uhygut {Str+3 Dex+6 Stlth++++}
rPois    ∞         Spirit   +   q - +0 helmet of Winter {Str+4}
rElec    +         Reflect  +   B - scarf {Spirit}
rCorr    .         Harm     .   x - +2 pair of gloves
MR       +++..                  H - +2 pair of boots
Stlth    +++++.....             b - amulet of Oclistri {Reflect Int+3 SH+4}
Regen    0.4/turn               j - ring of protection from magic
MPRegen  0.3/turn               W - ring of Thoughtfulness {rElec MR+ Str+3}

@: flying, very slightly contaminated
A: big wings, mutation resistance 1, negative energy resistance 1, electricity
resistance, unbreathing, petrification resistance, rot immunity, sturdy frame 1,
AC +15
}: 2/15 runes: serpentine, barnacled
a: Stop Flying, Heroism, Finesse, Renounce Religion


You were on level 3 of the Elven Halls.
You worshipped Okawaru.
Okawaru was exalted by your worship.
You were not hungry.

You visited 6 branches of the dungeon, and saw 33 of its levels.
You visited 1 bazaar.
You also visited: Labyrinth and Ice Cave.

You collected 3649 gold pieces.
You spent 1497 gold pieces at shops.

Inventory:

Hand Weapons
 n - the +1 hand axe of Karma {flame, rElec rC++ Str+3 Dex-4}
   (You found it on level 1 of the Elven Halls)

   It has been specially enchanted to burn those struck by it, causing extra
   injury to most foes and up to half again as much damage against particularly
   susceptible opponents.
   Big, fiery blades are also staple armaments of hydra-hunters.
   It affects your strength (+3).
   It affects your dexterity (-4).
   It greatly protects you from cold.
   It insulates you from electricity.
 p - the +4 hand crossbow of Abuse {penet, *Slow rC+ rN+}
   (You found it in a labyrinth)

   Ammo fired by it will pass through the targets it hits, potentially hitting
   all targets in its path until it reaches maximum range.
   It protects you from cold.
   It protects you from negative energy.
   It may slow you when you take damage.
 y - a +9 battleaxe of electrocution
 z - a +7 broad axe of flaming
 A - a +8 executioner's axe of freezing
 F - the +5 scimitar "Zeyzirche" (weapon) {flame, rF++ Int-5 SInv}
   (You found it on level 2 of the Lair of Beasts)

   It has been specially enchanted to burn those struck by it, causing extra
   injury to most foes and up to half again as much damage against particularly
   susceptible opponents.
   Big, fiery blades are also staple armaments of hydra-hunters.
   It affects your intelligence (-5).
   It greatly protects you from fire.
   It lets you see invisible.
 M - a +0 demon trident of electrocution
 T - the +7 broad axe "Ughaziad" {chop, rPois Dex+4}
   (Okawaru gifted it to you on level 11 of the Dungeon)

   It inflicts extra damage upon your enemies.
   It affects your dexterity (+4).
   It protects you from poison.
Missiles
 h - 6 silver tomahawks (quivered)
Armour
 q - the +0 helmet of Winter (worn) {Str+4}
   (You found it on level 1 of the Lair of Beasts)

   It affects your strength (+4).
 x - a +2 pair of gloves (worn)
 B - a scarf of spirit shield (worn)
 D - a +2 shield of reflection
 E - the scarf of Freedom {Str+2}
   (Okawaru gifted it to you on level 2 of the Snake Pit)

   It affects your strength (+2).
 H - a +2 pair of boots (worn)
 J - a +0 large shield of protection
 R - the +1 shadow dragon scales of Uhygut (worn) {Str+3 Dex+6 Stlth++++}
   (Okawaru gifted it to you on level 10 of the Dungeon)

   It affects your strength (+3).
   It affects your dexterity (+6).
   It makes you much more stealthy.
 X - a +0 plate armour of positive energy
Jewellery
 b - the amulet of Oclistri (around neck) {Reflect Int+3 SH+4}
   (You acquired it on level 3 of the Lair of Beasts)

   [amulet of reflection]

   It shields you and reflects attacks.
   It affects your intelligence (+3).
   It affects your SH (+4).
 i - an uncursed ring of protection from cold
 j - a ring of protection from magic (left hand)
 s - an uncursed ring of protection from fire
 w - an uncursed ring of see invisible
 W - the ring of Thoughtfulness (right hand) {rElec MR+ Str+3}
   (You bought it in a shop on level 10 of the Dungeon)

   [ring of protection from magic]

   It affects your strength (+3).
   It insulates you from electricity.
   It affects your resistance to hostile enchantments.
 Y - a +6 ring of strength
Wands
 P - a wand of digging (12/24)
Scrolls
 a - 13 scrolls of identify
 c - 2 scrolls of magic mapping
 e - 3 scrolls of blinking
 l - 16 scrolls of teleportation
 m - 17 scrolls of remove curse
 o - 3 scrolls of recharging
 u - 2 scrolls of immolation
 I - a scroll of holy word
 K - 3 scrolls of enchant armour
 N - 3 scrolls of silence
 S - 6 scrolls of fog
 U - 3 scrolls of fear
Potions
 d - 3 potions of might
 k - a potion of resistance
 t - 2 potions of haste
 C - 4 potions of cancellation
 O - 4 potions of heal wounds
 V - 10 potions of curing
 Z - 2 potions of agility
Miscellaneous
 g - a phantom mirror
Comestibles
 f - 20 bread rations
 r - 12 royal jellies
 G - 12 meat rations
 Q - 23 fruits


   Skills:
 + Level 17.0 Fighting
 + Level 6.6 Long Blades
 + Level 14.1 Axes
 + Level 17.0 Armour
 - Level 10.0 Dodging
 - Level 7.6 Stealth
 + Level 15.0 Shields
 - Level 6.8 Spellcasting
 - Level 6.6 Translocations
 - Level 7.1 Invocations


You had 30 spell levels left.
You knew the following spells:

 Your Spells              Type           Power        Failure   Level  Hunger
a - Blink                 Tloc           N/A          3%          2    ##.....


Dungeon Overview and Level Annotations

Branches:
Dungeon (14/15)            Temple (0/1) D:7            Lair (6/6) D:9
 Shoals (4/4) Lair:3        Snake (4/4) Lair:3        Slime (0/5) Lair:6
    Orc (2/2) D:10            Elf (3/3) Orc:2        Vaults (0/5) D:13

Altars:
Cheibriados
Dithmenos
Makhleb
Okawaru
Qazlal
Xom
Yredelemnul
The Shining One
Jiyva

Shops:
D:4 [   D:10 [[}%*   Orc:2 ==(*   Elf:2 }}=   Elf:3 [   Shoals:1 ?
Snake:1 !(!*   Snake:3 }:(:

Portals:
Trove: D:12 (give 21 scrolls of identify)


Innate Abilities, Weirdness & Mutations

You are resistant to torment.
Your stone body is resilient. (AC +15)
You are immune to poison.
Your large and strong wings let you fly indefinitely.
You resist negative energy. (rN+)
You are resistant to electric shocks. (rElec)
You can survive without breathing.
You are immune to petrification.
You are immune to rotting.
You are somewhat resistant to further mutation.
Your movements are slightly less encumbered by armour. (ER -2)


Message History

All of the chunks of flesh in your inventory have rotted away.
Wield which item (- for none, * to show all)? (? for menu, Esc to quit)
Okay, then.
You closely miss the fire elemental. The fire elemental misses you.
The fire elemental hits you. The fire elemental burns you! You resist.
* * * LOW HITPOINT WARNING * * *
You slash the fire elemental!
The fire elemental is moderately damaged.
The fire elemental misses you.
You slash the fire elemental!
The fire elemental is almost destroyed.
The fire elemental closely misses you.
You riposte.
You slash the fire elemental!
You destroy the fire elemental!
The deep elf knight shoots an arrow.
The arrow misses you.
You closely miss the deep elf knight.
The deep elf knight is severely wounded.
The deep elf knight casts a spell at you.
The orb of energy hits you!
You die...

...........# ##.###.##
...###.....#####.#.## #### .
..................## #.. #...#.
.............###### #.# #.###..
#..####.....## ##.##.......
...####.....# #...........
#.......#...# ######..##..§....
#.#######...# ##e(......§§§.....
.....# #...# ##@#§###.$§)ee.....
..##.####...###(###......§§§.....
..#............## #....#((.......
..............## #.###.#..e......
.##............###. #...........
.###.####...###.##. #.#.........
.....# #...# ##.# ..##.(.......
###### #...# ### #########.####
### #...#### .#


You could see a deep elf knight.

Vanquished Creatures
  Vashnia (Snake:4)
  A kraken (Shoals:1)
  Polyphemus (Shoals:3)
  Ilsuiw (Shoals:4)
  Donald (Shoals:1)
  12 nagarajas
  Louise (Shoals:2)
  3 orc warlords
  A deep elf elementalist (Elf:3)
  A deep elf sorcerer (Elf:3)
  The ghost of Golfball the Blocker, a journeyman GrFi of the Shining One (Shoals:3)
  2 deep elf demonologists (Elf:2)
  An ettin (Orc:1)
  7 merfolk impalers
  3 merfolk javelineers (Shoals:4)
  A minotaur (Lab)
  A fire dragon (Lair:6)
  A deep elf high priest (Elf:1)
  Josephine (Shoals:1)
  2 centaur warriors (D:14)
  4 vault guards (D:13)
  Erolcha (Orc:2)
  2 catoblepae
  11 naga warriors
  2 death knights
  7 hydras
  A merfolk avatar (Shoals:4)
  4 two-headed ogres
  28 dancing weapons
  10 anacondas
  Erica (D:10)
  4 merfolk aquamancers
  5 death yaks
  5 shock serpents
  5 naga sharpshooters
  4 orc high priests
  Sonja (D:11)
  15 deep elf knights
  4 skeletal warriors
  2 unseen horrors
  A salamander mystic (Snake:4)
  11 sea snakes
  5 naga ritualists
  11 deep elf archers
  5 orc knights (Orc:2)
  9 harpies (Shoals:4)
  A lindwurm (Lair:6)
  60 deep elf magi
  A necromancer (IceCv)
  7 oklob plants (Lair:2)
  9 mana vipers
  3 phantasmal warriors
  15 ugly things
  8 orc sorcerers
  10 manticores
  3 cyclopes
  7 fauns (Shoals:1)
  An elephant (D:9)
  8 salamanders
  4 merfolk sirens
  22 black mambas
  11 guardian serpents
  5 torpor snails (Lair:6)
  Maurice (D:10)
  4 ice statues (IceCv)
  21 naga magi
  The ghost of Zdeegee the Digger, a novice DDEE of Sif Muna (D:5)
  4 water nymphs
  A gargoyle (D:13)
  11 spiny frogs
  3 freezing wraiths
  5 komodo dragons
  A centaur skeleton (D:13)
  4 ice devils (IceCv)
  6 hornets (Lair:6)
  4 polar bears
  4 tyrant leeches (Lair:6)
  11 trolls
  6 wind drakes
  A hornet (shapeshifter) (Elf:1)
  20 merfolk
  12 hippogriffs
  Prince Ribbit (D:6)
  4 slime creatures (D:14)
  17 blink frogs
  15 dream sheep
  9 snapping turtles
  4 vampires
  5 fire elementals
  4 wraiths (Shoals:1)
  2 air elementals
  2 wyverns
  A shadow (D:14)
  4 hogs (D:8)
  A human (D:8)
  2 basilisks
  8 hungry ghosts
  Grum (D:10)
  12 water elementals
  44 yaks
  3 vampire mosquitoes (D:11)
  32 nagas
  3 soldier ants
  5 wargs
  9 water moccasins
  10 porcupines
  7 sky beasts
  7 ice beasts
  2 phantoms
  3 black bears
  A necrophage (D:8)
  30 orc warriors
  27 wolves
  11 ogres
  11 crocodiles
  9 centaurs
  4 big kobolds
  14 bullfrogs
  4 earth elementals
  A gnoll sergeant (D:11)
  A water moccasin skeleton (D:9)
  6 scorpions
  23 killer bees
  12 wights
  An electric eel (Lair:1)
  7 howler monkeys
  5 crimson imps
  6 centaur zombies
  A quasit (D:9)
  3 draconian simulacra (IceCv)
  5 jellies
  3 bullfrog zombies
  7 hounds
  10 orc priests
  4 bullfrog skeletons
  5 iguanas
  Jessica (D:3)
  8 worker ants
  16 orc wizards
  3 troll simulacra (IceCv)
  A worker ant zombie (D:8)
  3 gnolls (D:11)
  12 adders
  4 ogre simulacra (IceCv)
  5 shadow imps
  An ooze (D:2)
  A worm (D:2)
  3 dart slugs
  59 orcs
  5 giant cockroaches
  3 goblins
  6 hobgoblins
  4 jackals (D:1)
  4 quokkas
  2 bats
  2 frilled lizards
  2 gnoll zombies (D:5)
  21 kobolds
  2 leopard gecko skeletons
  A quokka zombie (D:9)
  4 rats
  A butterfly (Lair:2)
  2 fungi (D:9)
  25 plants
  A tentacle (Shoals:1)
1126 creatures vanquished.

Vanquished Creatures (others)
  2 merfolk javelineers (Shoals:4)
  A merfolk aquamancer (Shoals:4)
  3 naga sharpshooters
  A deep elf archer (Elf:1)
  2 deep elf magi
  A manticore (Shoals:3)
  A cyclops (Shoals:4)
  A black mamba (Snake:4)
  A guardian serpent (Snake:4)
  A naga mage (Snake:4)
  An orc priest (Orc:1)
  An orc (Orc:1)
  4 fungi
  8 plants
  3 tentacles (Shoals:1)
31 creatures vanquished.

Grand Total: 1157 creatures vanquished

Notes
Turn   | Place    | Note
-------+----------+-------------------------------------------
     0 | D:1      | Devour the Gargoyle Fighter began the quest for the Orb.
     0 | D:1      | Reached XP level 1. HP: 14/14 MP: 1/1
   190 | D:1      | Reached XP level 2. HP: 19/19 MP: 2/2
   959 | D:2      | Reached XP level 3. HP: 18/23 MP: 3/3
  1050 | D:2      | Found an iron altar of Okawaru.
  1058 | D:2      | Became a worshipper of Warmaster Okawaru
  1281 | D:2      | Found a shadowy altar of Dithmenos.
  1348 | D:3      | Found a snail-covered altar of Cheibriados.
  1688 | D:3      | Found a hide-covered altar of Uskayaw.
  1688 | D:3      | Noticed Jessica
  1691 | D:3      | Killed Jessica
  1691 | D:3      | Reached XP level 4. HP: 29/29 MP: 4/4
  1692 | D:3      | Found a stormy altar of Qazlal.
  1692 | D:3      | Found a shimmering altar of Xom.
  1694 | D:3      | Found a shimmering altar of Xom.
  1694 | D:3      | Found a glowing golden altar of the Shining One.
  1694 | D:3      | Found a burning altar of Makhleb.
  1867 | D:4      | Noticed a phantom
  1874 | D:4      | Killed a phantom
  1874 | D:4      | Reached * piety under Okawaru
  1874 | D:4      | Reached skill level 1 in Dodging
  1874 | D:4      | Reached XP level 5. HP: 31/33 MP: 5/5
  1956 | D:4      | Reached skill level 1 in Invocations
  2120 | D:4      | Noticed an ice beast
  2134 | D:4      | Killed an ice beast
  2134 | D:4      | Reached ** piety under Okawaru
  2134 | D:4      | Reached XP level 6. HP: 38/39 MP: 5/7
  2280 | D:4      | Found Bamiur's Armour Shop.
  2429 | D:4      | Reached skill level 5 in Armour
  2468 | D:5      | Entered Level 5 of the Dungeon
  2493 | D:5      | Noticed Zdeegee's ghost (novice DDEE)
  2545 | D:5      | Killed Zdeegee's ghost
  2545 | D:5      | Reached *** piety under Okawaru
  2545 | D:5      | Reached skill level 5 in Fighting
  2545 | D:5      | Reached XP level 7. HP: 44/44 MP: 6/8
  2783 | D:5      | Found a basalt altar of Yredelemnul.
  2839 | D:5      | Reached XP level 8. HP: 50/50 MP: 10/10
  3123 | D:6      | Found a basalt altar of Yredelemnul.
  3200 | D:6      | Noticed Prince Ribbit
  3375 | D:6      | Found a burning altar of Makhleb.
  3494 | D:6      | Reached **** piety under Okawaru
  3616 | D:6      | HP: 2/52 [ogre/giant club (7)]
  4049 | D:6      | Reached skill level 5 in Axes
  4661 | D:6      | Killed Prince Ribbit
  4661 | D:6      | Reached XP level 9. HP: 20/56 MP: 10/12
  5248 | D:7      | Found a staircase to the Ecumenical Temple.
  6213 | D:8      | Reached skill level 5 in Invocations
  6482 | D:8      | Reached XP level 10. HP: 47/64 MP: 13/13
  6485 | D:8      | Reached ***** piety under Okawaru
  7340 | D:9      | Learned a level 2 spell: Blink
  7349 | D:9      | Found a staircase to the Lair.
  7372 | D:9      | Noticed an elephant
  7384 | D:9      | Killed an elephant
  7662 | D:9      | Killed an unseen horror
  7662 | D:9      | Received a gift from Okawaru
  8217 | D:10     | Entered Level 10 of the Dungeon
  8217 | D:10     | Found Wosat's Armour Boutique.
  8223 | D:10     | Bought a +0 large shield for 58 gold pieces
  8254 | D:9      | Noticed a two-headed ogre
  8264 | D:9      | Killed a two-headed ogre
  8264 | D:9      | Reached XP level 11. HP: 65/72 MP: 7/15
  8383 | D:9      | Found a stormy altar of Qazlal.
  8624 | D:10     | Noticed Grum
  8625 | D:10     | Reached skill level 10 in Fighting
  8653 | D:10     | Killed Grum
  8653 | D:10     | Received a gift from Okawaru
  8658 | D:10     | Got dazzling shadow dragon scales {god gift}
  8669 | D:10     | Identified the +1 shadow dragon scales of Uhygut {Str+3 Dex+6 Stlth++++} (Okawaru gifted it to you on level 10 of the Dungeon)
  8678 | D:10     | Noticed Erica
  8688 | D:10     | Killed Erica
  8721 | D:10     | Noticed Maurice
  8738 | D:10     | Killed Maurice
  8738 | D:10     | Reached skill level 10 in Armour
  8738 | D:10     | Reached skill level 5 in Shields
  8744 | D:10     | Reached skill level 1 in Stealth
  8937 | D:10     | Gained mutation: You are somewhat resistant to further mutation. [potion of mutation]
  8942 | D:10     | Found a staircase to the Orcish Mines.
  8966 | D:10     | Found Qeuckitos's Gadget Shoppe.
  8991 | D:10     | Found Raovu's Food Shop.
  9007 | D:10     | Found Ciedek's General Store.
  9094 | D:10     | Reached skill level 5 in Dodging
  9175 | D:10     | Found Fusiuly's Antique Armour Emporium.
  9219 | D:10     | Gained mutation: Your movements are slightly less encumbered by armour. (ER -2) [mutagenic meat]
  9531 | D:11     | Noticed Sonja
  9532 | D:11     | Killed Sonja
  9771 | D:11     | Reached XP level 12. HP: 79/79 MP: 17/17
  9820 | D:11     | Reached ****** piety under Okawaru
  9824 | D:11     | Received a gift from Okawaru
 10320 | D:11     | Noticed a two-headed ogre
 10331 | D:11     | Killed a two-headed ogre
 10631 | D:12     | Noticed a six-headed hydra
 10650 | D:12     | Killed a two-headed hydra
 10724 | D:12     | Noticed a death knight
 10746 | D:12     | Killed a death knight
 10766 | D:12     | Received a gift from Okawaru
 10789 | D:12     | Got a steaming buckler {god gift}
 10800 | D:12     | Identified the +1 buckler of the Sixty-Six Allies {rPois Int-4 Dex+8} (Okawaru gifted it to you on level 12 of the Dungeon)
 10972 | D:12     | Reached skill level 5 in Stealth
 10986 | D:12     | Found a portal to a secret trove of treasure.
 11070 | D:12     | Reached XP level 13. HP: 85/85 MP: 18/18
 12115 | D:13     | Noticed a vault guard
 12122 | D:13     | Noticed a vault guard
 12141 | D:13     | Killed a vault guard
 12145 | D:13     | Killed a vault guard
 12166 | D:13     | Reached skill level 10 in Axes
 12167 | D:13     | Received a gift from Okawaru
 12317 | D:13     | Noticed a vault guard
 12335 | D:13     | Killed a vault guard
 12484 | D:13     | Found a gate to the Vaults.
 12490 | D:13     | Noticed a vault guard
 12507 | D:13     | Killed a vault guard
 13010 | D:14     | Gained mutation: Your large and strong wings let you fly indefinitely. [Gargoyle growth]
 13010 | D:14     | Reached XP level 14. HP: 92/92 MP: 19/19
 13522 | D:14     | Received a gift from Okawaru
 14199 | Lair:1   | Entered Level 1 of the Lair of Beasts
 14225 | Lair:1   | Found a frozen archway.
 14250 | IceCv    | Entered an ice cave
 14356 | IceCv    | Reached skill level 10 in Shields
 14912 | Lair:1   | Got an encrusted helmet
 14923 | Lair:1   | Identified the cursed +0 helmet of Winter {Str+4} (You found it on level 1 of the Lair of Beasts)
 15335 | Lair:2   | Received a gift from Okawaru
 16215 | Lair:2   | Got a crystal scimitar
 16216 | Lair:2   | Identified the +5 scimitar "Zeyzirche" {flame, rF++ Int-5 SInv} (You found it on level 2 of the Lair of Beasts)
 16675 | Lair:2   | Reached XP level 15. HP: 60/100 MP: 20/20
 17257 | Lair:3   | Found a staircase to the Snake Pit.
 17579 | Lair:3   | Found a staircase to the Shoals.
 17815 | Lair:3   | Identified a scroll of acquirement
 17816 | Lair:3   | Got a clouded sapphire amulet
 17818 | Lair:3   | Identified the amulet of Oclistri {Reflect Int+3 SH+4} (You acquired it on level 3 of the Lair of Beasts)
 18000 | Lair:4   | Reached skill level 1 in Long Blades
 18012 | Lair:4   | Found a labyrinth entrance.
 18046 | Lab      | Entered a labyrinth
 19606 | Lab      | Got a transparent hand crossbow
 19607 | Lab      | Identified the +4 hand crossbow of Abuse {penet, *Slow rC+ rN+} (You found it in a labyrinth)
 20675 | Lair:6   | Entered Level 6 of the Lair of Beasts
 20688 | Lair:6   | Received a gift from Okawaru
 20691 | Lair:6   | Got an iridescent war axe {god gift}
 20692 | Lair:6   | Identified the +0 war axe of Ash {flame, Int+5 Stlth+} (Okawaru gifted it to you on level 6 of the Lair of Beasts)
 20837 | Lair:6   | Found a viscous altar of Jiyva.
 20837 | Lair:6   | Found a staircase to the Slime Pits.
 21512 | Lair:6   | Found a runed door.
 21951 | D:10     | Bought the ring of Thoughtfulness {rElec MR+ Str+3} for 679 gold pieces
 22064 | Snake:1  | Entered Level 1 of the Snake Pit
 22228 | Snake:1  | Reached XP level 16. HP: 84/107 MP: 21/21
 22256 | Snake:1  | Found Xomuirghe's Assorted Antiques.
 22256 | Snake:1  | Found Keunynlo's Distillery.
 22258 | Snake:1  | Found Oblouklegi's Distillery.
 22259 | Snake:1  | Found Niwon's Weapon Shoppe.
 22280 | Snake:1  | Bought a potion of heal wounds for 95 gold pieces
 22280 | Snake:1  | Bought a potion of heal wounds for 95 gold pieces
 22280 | Snake:1  | Bought a potion of heal wounds for 95 gold pieces
 22280 | Snake:1  | Bought a potion of heal wounds for 95 gold pieces
 23077 | Snake:2  | Found a flickering gateway to a bazaar.
 23101 | Bazaar   | Entered a bazaar
 23108 | Bazaar   | Found Uckeank's Antique Weapon Shoppe.
 23119 | Bazaar   | Found Haytitt's Antique Weapon Emporium.
 23135 | Bazaar   | Found Xafuann's Antique Armour Emporium.
 23146 | Bazaar   | Found Tableil's Antique Armour Shoppe.
 23532 | Snake:2  | Reached skill level 15 in Fighting
 23572 | Snake:2  | Received a gift from Okawaru
 23577 | Snake:2  | Got a bloodstained scarf {god gift}
 23588 | Snake:2  | Identified the scarf of Freedom {Str+2} (Okawaru gifted it to you on level 2 of the Snake Pit)
 23906 | Snake:2  | Noticed a nagaraja
 23909 | Snake:2  | Killed a nagaraja
 24341 | D:11     | Got a crude broad axe {god gift}
 24342 | D:11     | Identified the +7 broad axe "Ughaziad" {chop, rPois Dex+4} (Okawaru gifted it to you on level 11 of the Dungeon)
 24588 | Snake:2  | Reached skill level 15 in Armour
 24840 | Snake:3  | Noticed a nagaraja
 24849 | Snake:3  | Killed a nagaraja
 25004 | Snake:3  | Found Livaigg's Book Shoppe.
 25010 | Snake:3  | Found Dasesawk's Weapon Shoppe.
 25010 | Snake:3  | Found Buicir's Gadget Shoppe.
 25011 | Snake:3  | Found Wusuve's Book Shoppe.
 25353 | Snake:4  | Entered Level 4 of the Snake Pit
 25467 | Snake:4  | Noticed Vashnia
 25491 | Snake:4  | Killed Vashnia
 25491 | Snake:4  | Received a gift from Okawaru
 25494 | Snake:4  | Reached XP level 17. HP: 72/113 MP: 15/22
 25610 | Snake:4  | Received a gift from Okawaru
 25623 | Snake:4  | Got a jewelled plate armour {god gift}
 25723 | Snake:4  | Identified the +0 plate armour of Eternity {Dex+4} (Okawaru gifted it to you on level 4 of the Snake Pit)
 26348 | Snake:4  | Got a serpentine rune of Zot
 26610 | Shoals:1 | Entered Level 1 of the Shoals
 26610 | Shoals:1 | Found Jugoeb's Magic Scroll Boutique.
 26704 | Shoals:1 | Noticed Donald
 26717 | Shoals:1 | Killed Donald
 26717 | Shoals:1 | Received a gift from Okawaru
 26723 | Shoals:1 | Got a pitted war axe {god gift}
 26724 | Shoals:1 | Identified the +4 war axe of the Wheel {chop, rN+} (Okawaru gifted it to you on level 1 of the Shoals)
 26745 | Shoals:1 | Noticed Josephine
 26757 | Shoals:1 | Killed Josephine
 27019 | Shoals:1 | Noticed a kraken
 27030 | Shoals:1 | Killed a kraken
 27444 | Shoals:2 | Reached XP level 18. HP: 117/120 MP: 17/23
 27444 | Shoals:2 | Received a gift from Okawaru
 27444 | Shoals:2 | Reached skill level 5 in Long Blades
 27539 | Shoals:2 | Noticed Louise
 27547 | Shoals:2 | Killed Louise
 28235 | Shoals:3 | Noticed Golfball's ghost (journeyman GrFi)
 28249 | Shoals:3 | Noticed Polyphemus
 28263 | Shoals:3 | Killed Golfball's ghost
 28274 | Shoals:3 | Killed Polyphemus
 29240 | Shoals:4 | Entered Level 4 of the Shoals
 29544 | Shoals:4 | Noticed Ilsuiw
 29566 | Shoals:4 | Killed Ilsuiw
 30073 | Shoals:4 | Received a gift from Okawaru
 30408 | Shoals:4 | Got an ancient war axe {god gift}
 30409 | Shoals:4 | Identified the +2 war axe of Subterfuge {drain, +Inv +Fly rPois Str-4} (Okawaru gifted it to you on level 4 of the Shoals)
 30425 | Shoals:4 | Got a barnacled rune of Zot
 30626 | Orc:1    | Entered Level 1 of the Orcish Mines
 31304 | Orc:2    | Entered Level 2 of the Orcish Mines
 31366 | Orc:2    | Found a staircase to the Elven Halls.
 31631 | Orc:2    | Noticed Erolcha
 31634 | Orc:2    | Killed Erolcha
 31824 | Orc:2    | Received a gift from Okawaru
 31862 | Orc:2    | Reached XP level 19. HP: 123/127 MP: 24/24
 32179 | Orc:2    | Found Zujynol's Assorted Antiques.
 32183 | Orc:2    | Found Getangits's Jewellery Shoppe.
 32187 | Orc:2    | Found Ikhleffol's Jewellery Shoppe.
 32203 | Orc:2    | Found Celeuw's Weapon Shop.
 32231 | Orc:2    | Bought an uncursed ring of see invisible for 180 gold pieces
 32312 | Elf:1    | Entered Level 1 of the Elven Halls
 32858 | Elf:1    | Reached skill level 10 in Dodging
 33178 | Elf:1    | Reached skill level 1 in Translocations
 33207 | Elf:1    | Reached skill level 1 in Spellcasting
 33430 | Elf:1    | Got a bloodstained hand axe
 33431 | Elf:1    | Identified the cursed +1 hand axe of Karma {flame, rElec rC++ Str+3 Dex-4} (You found it on level 1 of the Elven Halls)
 33508 | Elf:2    | Received a gift from Okawaru
 33587 | Elf:2    | Found a runed gate.
 33587 | Elf:2    | Found a runed gate.
 33587 | Elf:2    | Found a runed gate.
 34015 | Elf:2    | Found Koasa's Gadget Boutique.
 34043 | Elf:2    | Found Esueg's Jewellery Shoppe.
 34047 | Elf:2    | Found Oskoogiu's Gadget Boutique.
 34220 | Elf:2    | Reached skill level 5 in Spellcasting
 34220 | Elf:2    | Reached skill level 5 in Translocations
 34660 | Elf:2    | Noticed an Ice Fiend
 34665 | Elf:2    | Received a gift from Okawaru
 34998 | Elf:3    | Entered Level 3 of the Elven Halls
 34998 | Elf:3    | Found Niotoot's Antique Armour Boutique.
 35052 | Elf:3    | Bought a glowing scarf for 200 gold pieces
 35348 | Elf:3    | Reached XP level 20. HP: 133/133 MP: 30/30
 35399 | Elf:3    | Reached skill level 15 in Shields
 35638 | Elf:3    | Killed from afar by a deep elf knight

Skill      XL: |  1  2  3  4  5  6  7  8  9 10 11 12 13 14 15 16 17 18 19 20 |
---------------+-------------------------------------------------------------+-----
Axes           | 2 3 4 5 6 7 8 9 10 11 12 13 14 | 14.1
Fighting       | 4 5 6 8 9 10 11 12 13 14 15 16 17 | 17.0
Armour         | 4 5 7 8 9 10 11 12 13 14 15 16 17 | 17.0
Dodging        | 1 2 3 4 5 6 7 8 9 10 | 10.0
Invocations    | 1 2 4 5 6 7 |  7.1
Shields        | 4 5 7 9 10 11 12 13 14 15 | 15.0
Stealth        | 2 5 6 7 |  7.6
Long Blades    | 2 3 4 6 |  6.6
Translocations | 6 |  6.6
Spellcasting   | 6 |  6.8

Action                   |  1- 3 |  4- 6 |  7- 9 | 10-12 | 13-15 | 16-18 | 19-21 || total
-------------------------+-------+-------+-------+-------+-------+-------+-------++-------
Melee: War axe           |   110 |     2 |       |       |       |       |       ||   112
       Battleaxe         |       |    60 |   346 |   149 |       |       |   315 ||   870
       Broad axe         |       |       |       |   465 |   983 |   957 |     4 ||  2409
       Scimitar          |       |       |       |       |    19 |       |     4 ||    23
       Executioner's axe |       |       |       |       |       |       |    78 ||    78
       Demon trident     |       |       |       |       |       |       |    21 ||    21
Invok: Heroism           |       |     1 |     5 |     5 |     4 |     5 |     1 ||    21
       Finesse           |       |       |       |     3 |     2 |     5 |     2 ||    12
 Abil: Fly               |       |       |       |       |       |     1 |       ||     1
Evoke: Wand              |       |       |       |     2 |     7 |       |       ||     9
  Use: Scroll            |     4 |     4 |       |    14 |    15 |     6 |     8 ||    51
       Potion            |       |       |     1 |     3 |     2 |     3 |     1 ||    10
 Stab: Sleeping          |       |       |       |     7 |    41 |    27 |    15 ||    90
       Distracted        |       |       |       |     1 |     6 |     4 |     4 ||    15
       Invisible         |       |       |       |       |    10 |       |       ||    10
       Petrified         |       |       |       |       |     8 |    10 |       ||    18
  Eat: Chunk             |     3 |     2 |     8 |    15 |    28 |    23 |    12 ||    91
       Royal jelly       |       |       |     3 |     1 |     1 |       |       ||     5
       Bread ration      |       |       |     1 |       |       |     1 |       ||     2
       Meat ration       |       |       |       |     1 |     1 |     1 |       ||     3
       Fruit             |       |       |       |       |     4 |       |       ||     4
Armor: Scale mail        |    72 |    23 |       |       |       |       |       ||    95
       Chain mail        |       |    28 |   306 |   250 |       |       |       ||   584
       Shadow dragon sca |       |       |       |   238 |   373 |   331 |   255 ||  1197
Dodge: Dodged            |    33 |    43 |   254 |   334 |   284 |   345 |   272 ||  1565
Block: Shield            |    65 |       |       |   329 |   719 |  1048 |     5 ||  2166
       Reflection        |       |       |       |       |     3 |   120 |     9 ||   132
       Other             |       |       |       |       |       |       |    57 ||    57
       Rpst.: Scimitar   |       |       |       |       |     2 |       |     1 ||     3
